 Dungeon Crawl Stone Soup version 0.28.0-53-g5a82cb258f (webtiles) character file.

Game seed: 4930187561760006609

5188 jjjjhere the Basher (level 10, -1/86 HPs)
             Began as a Minotaur Brigand on Sept 30, 2022.
             Was an Initiate of Yredelemnul.
             Slain by an orc warrior
             ... wielding a +4 spear
              (12 damage)
             ... in a bailey on Oct 1, 2022.
             The game lasted 00:11:36 (10681 turns).

jjjjhere the Basher (Minotaur Brigand)             Turns: 10681, Time: 00:11:37

Health: -1/86      AC: 12    Str: 21    XL:     10   Next: 34%
Magic:  11/11      EV:  8    Int:  8    God:    Yredelemnul [......]
Gold:   612        SH:  9    Dex: 11    Spells: 9/9 levels left

rFire   + + .      SeeInvis .   w - +2 mace "Killer Klown's Peril" {vamp, Fly}
rCold   x . .      Faith    .   g - +0 kite shield
rNeg    . . .      Spirit   .   n - +1 fire dragon scales
rPois   .          Reflect  .   (helmet restricted)
rElec   .          Harm     .   c - +0 cloak
rCorr   .          Rampage  .   (no gloves)
Will    .....                   (no boots)
Stlth   +.........              (no amulet)
HPRegen 0.24/turn               (no ring)
MPRegen 0.12/turn               (no ring)

@: flying
A: horns 2, retaliatory headbutt
a: Renounce Religion, Recall Undead Harvest


You were in a bailey.
You worshipped Yredelemnul.
Yredelemnul was noncommittal.
You visited 1 branch of the dungeon, and saw 8 of its levels.
You also visited: Bailey.

You collected 612 gold pieces.

Inventory:

Hand Weapons
 a - a +2 spectral dagger
 o - a +3 whip of venom
 w - the +2 mace "Killer Klown's Peril" (weapon) {vamp, Fly}
   (You found it on level 5 of the Dungeon)

   It occasionally heals its wielder for a portion of the damage dealt when it
   wounds a living foe.
   Fly:       It grants you flight.
Missiles
 d - 23 poisoned darts
 e - 2 curare-tipped darts
 h - 5 javelins
 r - 2 throwing nets (quivered)
 y - 7 atropa-tipped darts
Armour
 b - a +0 robe
 c - a +0 cloak (worn)
 g - a +0 kite shield (worn)
 n - +1 fire dragon scales (worn)
Scrolls
 f - 3 scrolls of teleportation
 i - 2 scrolls of enchant armour
 q - a scroll of amnesia
 v - 3 scrolls of enchant weapon
 x - 2 scrolls of blinking
Potions
 k - a potion of haste
 l - 3 potions of degeneration
 s - a potion of invisibility {unknown}
 t - a potion of brilliance
 u - 4 potions of curing
 z - a potion of resistance
 A - a potion of lignification {unknown}
 B - a potion of magic {unknown}
 C - 2 potions of heal wounds
 E - a potion of attraction {unknown}
 F - a potion of ambrosia {unknown}


   Skills:
 - Level 7.0 Fighting
 - Level 2.2 Short Blades
 - Level 14.0 Maces & Flails
 - Level 2.0 Throwing
 + Level 6.6 Armour
 - Level 1.1 Dodging
 - Level 3.2 Stealth
 + Level 5.3 Shields
 - Level 2.9 Invocations


You had 9 spell levels left.
You didn't know any spells.
Your spell library contained the following spells:

 Spells                   Type           Power      Damage    Failure   Level
 Foxfire                  Conj/Fire      0%         2x1d4     98%         1
 Slow                     Hex            0%         N/A       98%         1
 Ensorcelled Hibernation  Hex/Ice        0%         N/A       99%         2
 Static Discharge         Conj/Air       0%         N/A       99%         2
 Sublimation of Blood     Necr           0%         N/A       99%         2
 Confusing Touch          Hex            0%         N/A       100%        3
 Conjure Flame            Conj/Fire      0%         6-21      100%        3
 Inner Flame              Hex/Fire       0%         N/A       100%        3
 Spider Form              Tmut/Pois      0%         N/A       100%        3
 Summon Guardian Golem    Hex/Summ       0%         N/A       100%        3
 Vampiric Draining        Necr           0%         2d6       100%        3
 Anguish                  Hex/Necr       0%         N/A       100%        4
 Flame Wave               Conj/Fire      0%         2d4       100%        4
 Petrify                  Tmut/Erth      0%         N/A       100%        4
 Alistair's Intoxication  Tmut/Pois      0%         N/A       100%        5
 Borgnjor's Vile Clutch   Necr/Erth      0%         N/A       100%        5
 Irradiate                Conj/Tmut      0%         3d13      100%        5
 Lightning Bolt           Conj/Air       0%         1d11      100%        5
 Eringya's Noxious Bog    Tmut/Pois      0%         N/A       100%        6
 Orb of Destruction       Conj           0%         9d5       100%        7
 Spellforged Servitor     Conj/Summ      0%         N/A       100%        7
 Maxwell's Capacitive Co  Air            0%         ∞         100%        8


Dungeon Overview and Level Annotations

Branches:
Dungeon (8/15)             Temple (0/1) D:7          Bailey (1/1)
   Lair: D:8-11

Altars:
Yredelemnul

Shops:
D:2 :   D:4 [


Innate Abilities, Weirdness & Mutations

You have a pair of horns on your head.
You reflexively headbutt those who attack you in melee.


Message History

The centaur barely misses you. You block the centaur's attack.
The centaur hits you with a +0 halberd.
The centaur kicks you but does no damage.
The orc warrior hits you from afar with a +4 spear.
You hit the centaur but do no damage.
The centaur is severely wounded.
The centaur hits you with a +0 halberd. The centaur barely misses you.
You barely miss the centaur.
The centaur is severely wounded.
The orc shouts!
You hear a shout! x2
The centaur hits you but does no damage.
The orc warrior hits you from afar with a +4 spear!
The centaur barely misses you.
You hit the centaur.
You feel better.
The centaur is severely wounded.
The centaur hits you but does no damage.
You block the centaur's attack.
The orc warrior hits you from afar with a +4 spear!
* * * LOW HITPOINT WARNING * * *
The centaur throws a javelin.
The javelin pierces through you but does no damage.
The javelin barely misses your orc warrior zombie.
The centaur hits you but does no damage.
You block the centaur's attack. The centaur hits you with a +0 halberd.
* * * LOW HITPOINT WARNING * * *
The centaur kicks you but does no damage.
Things that are here:
a +0 halberd; 3 javelins; a +0 ring mail The centaur hits you but does no damage.
You block the orc warrior's attack.
Your orc warrior zombie barely misses the orc warrior.
The centaur throws a javelin.
The javelin closely misses you.
The orc shouts!
You hear a shout! x2
The centaur throws a javelin.
The javelin completely misses you.
The centaur throws a javelin.
The javelin pierces through you!
* * * LOW HITPOINT WARNING * * *
The orc warrior hits you from afar with a +4 spear!
You die...
Your body rises from the dead as a mindless zombie.

##.......⌠#######⌠.Z.....##
##........)............##
##...................##
#########'''#########
##≈≈≈≈≈≈≈#...#
##≈≈≈≈≈≈≈≈#...#
##≈≈≈≈≈≈≈≈.#.).# ≈≈
#≈≈≈≈≈≈≈c)≈#)..#≈c.≈
#≈≈≈≈≈.c≈≈≈@....≈≈≈..
#≈≈≈≈.≈≈≈oZ.......≈≈≈
#≈≈≈≈.≈.....≈≈≈.....≈
#≈≈≈.≈≈.⌠o.≈≈≈≈≈..⌠.≈
#≈≈≈.≈.....≈≈≈≈≈.....
#≈≈.≈≈....≈≈≈≈≈≈≈.o..
#≈≈.≈.....≈≈≈≈≈≈≈....
≈≈.≈.....≈≈≈?≈≈≈...
≈.....≈≈≈:≈≈≈..


You could see an orc warrior, 3 centaurs, 2 orcs and a friendly orc warrior
zombie.

Vanquished Creatures
  A wyvern (D:7)
  A steam dragon (D:6)
  Duvessa (D:7)
  A water moccasin (D:7)
  2 sky beasts (D:7)
  4 ice beasts
  9 orc warriors (Bailey)
  3 necrophages
  2 ogres
  3 centaurs (Bailey)
  A phantom (D:5)
  A kobold brigand (D:5)
  A bullfrog (D:6)
  4 scorpions
  A water moccasin zombie (D:4)
  Dowan (D:7)
  3 water moccasin skeletons
  A killer bee (D:6)
  5 wights (D:7)
  3 howler monkeys
  7 hounds
  2 jellies
  A centaur zombie (D:4)
  3 orc priests
  A bullfrog skeleton (D:5)
  A gnoll shaman (D:7)
  An iguana (D:6)
  2 scorpion zombies (D:4)
  3 orc wizards
  3 hound zombies
  2 hound skeletons
  7 gnolls
  10 adders
  A river rat (D:6)
  A shadow imp (D:5)
  A white imp (D:6)
  2 adder skeletons (D:4)
  2 adder zombies (D:4)
  3 worms (D:2)
  2 dart slugs
  34 orcs
  9 bats
  9 endoplasms
  3 giant cockroaches
  6 hobgoblins
  5 kobolds
  4 quokkas
  4 ball pythons
  A frilled lizard (D:1)
  4 goblins
  10 rats
192 creatures vanquished.

Vanquished Creatures (collateral kills)
  An ice beast (D:6)
  An orc warrior (Bailey)
  A centaur (D:5)
  A wyvern zombie (D:6)
  2 scorpions (D:6)
  A bullfrog zombie (D:5)
  A centaur zombie (D:7)
  An orc priest (D:5)
  2 hounds (D:6)
  An orc wizard (D:5)
  A hound zombie (D:5)
  A gnoll (D:7)
  A river rat (D:6)
  6 orcs
  A giant cockroach (D:6)
22 creatures vanquished.

Vanquished Creatures (others)
  2 centaur zombies (Bailey)
  An ogre zombie (D:7)
  A sky beast zombie (D:7)
  3 hound zombies
  A howler monkey zombie (D:6)
  A spectral white imp (D:6)
  5 gnoll zombies (D:7)
  19 orc zombies
  A spectral endoplasm (D:4)
34 creatures vanquished.

Grand Total: 248 creatures vanquished

Notes
Turn   | Place    | Note
-------+----------+-------------------------------------------
     0 | D:1      | jjjjhere the Minotaur Brigand began the quest for the Orb.
     0 | D:1      | Reached XP level 1. HP: 18/18 MP: 0/0
   212 | D:1      | Reached XP level 2. HP: 26/26 MP: 1/1
  1138 | D:2      | Reached XP level 3. HP: 17/33 MP: 2/2
  1730 | D:2      | Reached skill level 5 in Fighting
  1829 | D:2      | Found Iloant's Book Shop.
  1864 | D:2      | Found a faded altar of an unknown god.
  2572 | D:3      | Reached XP level 4. HP: 42/42 MP: 3/3
  2682 | D:3      | HP: 13/42 [gnoll/+0 halberd (5)]
  3015 | D:3      | Reached skill level 1 in Maces & Flails
  3179 | D:3      | Reached skill level 2 in Maces & Flails
  3637 | D:4      | Reached XP level 5. HP: 50/50 MP: 4/4
  3647 | D:4      | Reached skill level 3 in Maces & Flails
  3729 | D:4      | Reached skill level 4 in Maces & Flails
  3777 | D:4      | Reached XP level 6. HP: 44/57 MP: 5/5
  3813 | D:4      | Reached skill level 5 in Maces & Flails
  4117 | D:2      | Prayed at the altar of an unknown god.
  4117 | D:2      | Became a worshipper of Yredelemnul the Dark
  4117 | D:2      | Reached * piety under Yredelemnul
  4316 | D:4      | Found Zeuh's Antique Armour Shoppe.
  4470 | D:4      | Reached skill level 6 in Maces & Flails
  4697 | D:5      | Entered Level 5 of the Dungeon
  4711 | D:5      | Reached skill level 7 in Maces & Flails
  4711 | D:5      | Reached XP level 7. HP: 62/62 MP: 6/6
  4755 | D:5      | Reached skill level 8 in Maces & Flails
  4778 | D:5      | Reached ** piety under Yredelemnul
  4994 | D:5      | Reached skill level 9 in Maces & Flails
  5185 | D:5      | Identified the +2 mace "Killer Klown's Peril" {vamp, Fly}
  5305 | D:5      | Reached XP level 8. HP: 70/70 MP: 7/7
  5325 | D:5      | Reached skill level 10 in Maces & Flails
  5351 | D:5      | Reached skill level 11 in Maces & Flails
  5408 | D:5      | Reached *** piety under Yredelemnul
  5579 | D:5      | Reached **** piety under Yredelemnul
  5593 | D:5      | Reached ***** piety under Yredelemnul
  6152 | D:6      | Reached skill level 12 in Maces & Flails
  6389 | D:6      | Reached XP level 9. HP: 63/75 MP: 8/8
  6396 | D:6      | Reached skill level 13 in Maces & Flails
  6786 | D:6      | Reached skill level 14 in Maces & Flails
  7523 | D:7      | Found a staircase to the Ecumenical Temple.
  7531 | D:7      | Noticed Dowan
  7531 | D:7      | Noticed Duvessa
  7569 | D:7      | Killed Duvessa
  7570 | D:7      | Reached skill level 1 in Armour
  7576 | D:7      | Killed Dowan
  7577 | D:7      | Reached skill level 1 in Invocations
  8167 | D:7      | HP: 20/78 [wyvern (14)]
  8177 | D:7      | HP: 13/78 [wight/+4 flail (9)]
  8248 | D:7      | HP: 24/78 [wight/+0 short sword (3)]
  8545 | D:7      | Reached skill level 1 in Shields
  8914 | D:7      | HP: 24/73 [wight/+0 great sword (9)]
  8936 | D:7      | HP: 24/74 [wight/+1 scimitar (1)]
  9242 | D:7      | Reached XP level 10. HP: 77/84 MP: 11/11
  9373 | D:8      | Found a flagged portal.
  9380 | Bailey   | Entered a bailey
  9408 | Bailey   | Reached skill level 5 in Armour
  9549 | Bailey   | HP: 27/86 [orc warrior/+0 halberd (9)]
  9927 | Bailey   | HP: 28/86 [orc warrior/+0 glaive (2)]
  9932 | Bailey   | HP: 28/86 [orc warrior/+0 spear (2)]
 10349 | Bailey   | Reached skill level 5 in Shields
 10373 | Bailey   | HP: 27/86 [orc/+0 spear (3)]
 10677 | Bailey   | HP: 28/86 [orc warrior/+4 spear (10)]
 10681 | Bailey   | HP: 11/86 [centaur/javelin (9)]
 10681 | Bailey   | Slain by an orc warrior

Illustrated notes

Levels and vault maps discovered:
D:1:      wheals_arrival_linesprint, layout_loops_ring, due_unseen_surprise
D:2:      layout_basic, shapermc_ecumenical_altar_venn, serial_shops,
          nicolae_shop_advertising_works [nicolae_subvault_shop_adworks]
D:3:      layout_loops_ring
D:4:      layout_rooms, serial_shops, shop, serial_undead, serial_undead_d,
          serial_undead_e, serial_undead_d, serial_undead_c
D:5:      layout_basic, minmay_joined_circles
D:6:      minmay_chambers_of_threes, layout_gridville, portal_sewer_entry_e
D:7:      minmay_inner_zag, layout_basic, temple_green, lemuel_another_geyser,
          uniq_duvessa
D:8:      layout_basic, enter_bailey_2
Bailey:   bailey_polearm_flooded_kennysheep, bailey

Skill      XL: |  1  2  3  4  5  6  7  8  9 10 |
---------------+-------------------------------+-----
Fighting       | 3 4 5 7 |  7.0
Maces & Flails | 2 4 7 9 12 14 | 14.0
Armour         | 4 6 |  6.6
Invocations    | 2 |  2.9
Shields        | 2 5 |  5.3
Short Blades   | |  2.2
Throwing       | |  2.0
Dodging        | |  1.1
Stealth        | |  3.2

Action                   |  1- 3 |  4- 6 |  7- 9 | 10-12 || total
-------------------------+-------+-------+-------+-------++-------
Melee: Dagger            |   124 |    10 |       |       ||   134
       Headbutt          |    20 |    36 |    58 |    24 ||   138
       Punch             |     1 |       |     3 |       ||     4
       Whip              |       |   134 |    44 |       ||   178
       Mace              |       |       |   270 |   108 ||   378
Throw: Throwing net      |       |       |     2 |       ||     2
Invok: Recall Undead Har |       |     1 |     2 |     1 ||     4
  Use: Scroll            |       |       |    16 |       ||    16
 Stab: Sleeping          |     9 |       |       |       ||     9
       Distracted        |       |       |     2 |       ||     2
       Held in net/web   |       |       |     1 |       ||     1
Armor: Robe              |    21 |       |       |       ||    21
       Fire dragon scale |     4 |    70 |   149 |    67 ||   290
Dodge: Dodged            |    57 |    77 |   141 |    63 ||   338
Block: Kite shield       |       |       |     9 |    83 ||    92
